 Dungeon Crawl Stone Soup version 0.18.1-50-g88ac8fd (webtiles) character file.

428 poolday the Covered (level 6, 0/39 HPs)
             Began as a Gargoyle Fighter on Dec 3, 2016.
             Was an Initiate of the Shining One.
             Slain by a polar bear (3 damage)
             ... created by the rage of Trog
             ... on level 5 of the Dungeon.
             The game lasted 00:45:14 (5884 turns).

poolday the Covered (Gargoyle Fighter)              Turns: 5884, Time: 00:45:15

Health: 0/39       AC: 17    Str: 18 (21) XL:     6   Next: 98%
Magic:  6/6        EV:  5    Int:  9      God:    the Shining One [......]
Gold:   316        SH:  9    Dex:  9      Spells: 0 memorised, 5 levels left

rFire  . . .     SeeInvis .     a - +0 long sword
rCold  . . .     Gourm    .     m - +0 chain mail
rNeg   + . .     Faith    .     c - +0 shield
rPois  ∞         Spirit   .     r - +2 hat
rElec  +         Dismiss  .     (no cloak)
rCorr  .         Reflect  .     l - +0 pair of gloves
SustAt .         Harm     .     (no boots)
MR     .....                    (no amulet)
Stlth  ..........               (no ring)
                                n - ring of stealth

@: about to teleport, glowing, not resistant to hostile enchantments, extremely
unstealthy
A: negative energy resistance 1, electricity resistance, unbreathing,
petrification resistance, rot immunity, AC +4
a: Renounce Religion


You were on level 5 of the Dungeon.
You worshipped the Shining One.
The Shining One was noncommittal.
You were not hungry.

You visited 1 branch of the dungeon, and saw 5 of its levels.

You collected 316 gold pieces.

Inventory:

Hand Weapons
 a - a +0 long sword (weapon)
Armour
 c - a +0 shield (worn)
 l - a +0 pair of gloves (worn)
 m - a +0 chain mail (worn)
 r - a +2 hat (worn)
 w - the +1 hat "Kehuikece" {rElec rF+ MR-, unknown}
   (You found it on level 4 of the Dungeon)

   It protects you from fire.
   It insulates you from electricity.
   It affects your resistance to hostile enchantments.
Jewellery
 n - a ring of stealth (left hand)
Scrolls
 b - a scroll of enchant weapon {unknown}
 d - a scroll of noise {unknown}
 f - 5 scrolls of remove curse
 g - a scroll of recharging {unknown}
 h - a scroll of identify
 k - 2 scrolls of random uselessness {unknown}
 p - 2 scrolls of fear
 q - a scroll of immolation {unknown}
 t - a scroll of blinking {unknown}
 y - a scroll of magic mapping {unknown}
Potions
 e - a potion of ambrosia {unknown}
 j - a potion of haste {unknown}
 o - 2 potions of heal wounds {unknown}
 s - 2 potions of flight {unknown}
 u - a potion of lignification {unknown}
 v - 2 potions of invisibility {unknown}
 z - a potion of curing {unknown}
Comestibles
 x - a bread ration
 A - a slice of pizza


   Skills:
 + Level 4.7 Fighting
 + Level 3.1 Long Blades
 + Level 5.0 Armour
 + Level 1.9 Dodging
 + Level 1.0 Stealth
 + Level 4.7 Shields


You had 5 spell levels left.
You didn't know any spells.

Dungeon Overview and Level Annotations

Branches:
Dungeon (5/15)
 Temple: D:4-7

Altars:
Cheibriados
Ru
Sif Muna
Trog
Yredelemnul
Zin
The Shining One

Shops:
D:4 *


Innate Abilities, Weirdness & Mutations

You are resistant to torment.
Your stone body is resilient (AC +4).
You are immune to poison.
You resist negative energy.
You are resistant to electric shocks.
You can survive without breathing.
You are immune to petrification.
You are immune to rotting.


Message History

* * * LOW HITPOINT WARNING * * *
The black bear closely misses you.
The black bear claws you but does no damage.
You block the polar bear's attack.
The polar bear claws you but does no damage.
The polar bear claws you.
* * * LOW HITPOINT WARNING * * *
You hear a loud, deep croak!
The black bear rages.
Unknown command.
As you read the scroll of teleportation, it crumbles to dust.
You feel strangely unstable. The black bear barely misses you.
The black bear claws you but does no damage. x2
The polar bear bites you but does no damage.
The polar bear claws you but does no damage. x2
You block the black bear's attack. x2
The black bear claws you but does no damage.
A giant frog comes into view.
The polar bear bites you.
You die...

#.... ....#...# #....
#..##... #...## #..##..#
## #..... #..##..####. #
###[.... #..##.......
..#..F##..## #...#....###
........##..######....####
# .. #....##..........##
#.#.##...h#@.........##
#.......hh.#####.....## #
....###...hhh#
#...##..#### . ##.....#
#..## #..##. ##....## #..#
#.... ##....# #..# #..##
##...# #.## #.### ##.##
### ##.### #.# #..##.


You could see 2 polar bears and 3 black bears.

Vanquished Creatures
  A phantom (D:4)
  A scorpion (D:5)
  A giant frog zombie (D:5)
  A hound (D:4)
  Ijyb (D:3)
  A worker ant (D:4)
  6 adders
  2 shadow imps (D:5)
  2 oozes
  An adder skeleton (D:4)
  3 worms
  A dart slug (D:1)
  3 giant geckos
  4 ball pythons
  8 giant cockroaches
  4 goblins
  9 hobgoblins
  14 jackals
  4 kobolds
  A quokka (D:3)
  4 bats
  5 giant newts
  10 rats
87 creatures vanquished.

Notes
Turn   | Place    | Note
--------------------------------------------------------------
     0 | D:1      | poolday the Gargoyle Fighter began the quest for the Orb.
     0 | D:1      | Reached XP level 1. HP: 14/14 MP: 1/1
   396 | D:1      | Reached XP level 2. HP: 19/19 MP: 2/2
  1106 | D:1      | Reached XP level 3. HP: 23/23 MP: 3/3
  1115 | D:1      | Reached skill level 4 in Armour
  1677 | D:2      | Reached XP level 4. HP: 29/29 MP: 4/4
  1721 | D:2      | Found a snail-covered altar of Cheibriados.
  1933 | D:2      | Reached skill level 1 in Dodging
  3111 | D:3      | Reached XP level 5. HP: 30/33 MP: 5/5
  3476 | D:3      | Noticed Ijyb
  3502 | D:3      | Killed Ijyb
  4027 | D:4      | Found a sacrificial altar of Ru.
  4039 | D:4      | Became a worshipper of Ru the Awakened
  4272 | D:4      | Found a bloodstained altar of Trog.
  4285 | D:4      | Fell from the grace of Ru
  4285 | D:4      | Became a worshipper of Trog the Wrathful
  4500 | D:4      | Found a deep blue altar of Sif Muna.
  4719 | D:4      | Noticed a phantom
  4730 | D:4      | Got a warped hat
  4809 | D:4      | Killed a phantom
  4809 | D:4      | Reached XP level 6. HP: 14/39 MP: 6/6
  4958 | D:4      | Reached skill level 5 in Armour
  5049 | D:4      | Found Zin's Purification Station.
  5068 | D:4      | Found a glowing silver altar of Zin.
  5193 | D:4      | Found a glowing golden altar of the Shining One.
  5195 | D:4      | Noticed an angel
  5200 | D:4      | Fell from the grace of Trog
  5200 | D:4      | Became a worshipper of the Shining One
  5211 | D:4      | Found a basalt altar of Yredelemnul.
  5213 | D:4      | Noticed a profane servitor
  5421 | D:5      | Entered Level 5 of the Dungeon
  5534 | D:5      | Reached skill level 1 in Stealth
  5877 | D:5      | Noticed a black bear
  5877 | D:5      | Noticed a black bear
  5877 | D:5      | Noticed a polar bear
  5877 | D:5      | Noticed a black bear
  5877 | D:5      | Noticed a polar bear
  5877 | D:5      | Noticed a black bear
  5884 | D:5      | Slain by a polar bear

Skill      XL: |  1  2  3  4  5  6 |
---------------+-------------------+-----
Armour         | 4 5 |  5.0
Long Blades    | 2 3 |  3.1
Dodging        | 1 |  1.9
Fighting       | 4 |  4.7
Shields        | 4 |  4.7
Stealth        | 1 |  1.0

Action                   |  1- 3 |  4- 6 || total
-------------------------+-------+-------++-------
Melee: Long sword        |   132 |   275 ||   407
  Use: Potion            |     1 |       ||     1
       Scroll            |       |     5 ||     5
  Eat: Bread ration      |     1 |     1 ||     2
       Beef jerky        |       |     3 ||     3
       Royal jelly       |       |     1 ||     1
       Pizza             |       |     1 ||     1
Armor: Scale mail        |   106 |    27 ||   133
       Chain mail        |       |   194 ||   194
Dodge: Dodged            |    88 |    94 ||   182
Block: Shield            |   113 |   162 ||   275
